 Dungeon Crawl Stone Soup version 0.21.1-1-g345015f (webtiles) character file.

114 Fang the Skirmisher (level 4, 0/43 HPs)
             Began as a Gargoyle Berserker on May 6, 2018.
             Was a Believer of Trog.
             Killed by divine providence
             ... invoked by an orc priest
              (13 damage)
             ... on level 3 of the Dungeon.
             The game lasted 00:03:54 (1747 turns).

Fang the Skirmisher (Gargoyle Berserker)            Turns: 1747, Time: 00:03:54

Health: 0/43       AC:  5    Str: 27    XL:     4   Next: 97%
Magic:  0/4        EV: 12    Int:  7    God:    Trog [**....]
Gold:   123        SH:  0    Dex:  9    Spells: 3/3 levels left

rFire    . . .     SeeInvis .   a - +0 hand axe
rCold    . . .     Gourm    .   (no shield)
rNeg     + . .     Faith    .   b - +0 animal skin
rPois    ∞         Spirit   +   (no helmet)
rElec    +         Reflect  .   (no cloak)
rCorr    .         Harm     .   (no gloves)
MR       .....                  (no boots)
Stlth    ..........             s - amulet of guardian spirit
HPRegen  0.14/turn              (no ring)
MPRegen  0.09/turn              (no ring)

@: berserking (expiring), very quick
A: negative energy resistance 1, electricity resistance, unbreathing,
petrification resistance, rot immunity, AC +3
a: Berserk, Trog's Hand, Burn Spellbooks, Renounce Religion


You were on level 3 of the Dungeon.
You worshipped Trog.
Trog was pleased with you.
You were very hungry.

You visited 1 branch of the dungeon, and saw 3 of its levels.

You collected 123 gold pieces.

Inventory:

Hand Weapons
 a - a +0 hand axe (weapon)
Armour
 b - a +0 animal skin (worn)
Jewellery
 s - an amulet of guardian spirit (around neck)
Wands
 o - a wand of digging (14)
Scrolls
 f - 4 scrolls of identify {unknown}
 g - 2 scrolls of amnesia {unknown}
 h - a scroll of enchant weapon {unknown}
 m - 2 scrolls of remove curse {unknown}
 n - a scroll of fear {unknown}
 p - a scroll of fog {unknown}
 q - a scroll of teleportation {unknown}
 r - a scroll of blinking {unknown}
Potions
 d - 2 potions of curing {unknown}
 e - 2 potions of brilliance {unknown}
 i - a potion of degeneration {unknown}
 j - a potion of heal wounds {unknown}
 k - a potion of mutation {unknown}
 l - a potion of magic {unknown}
Comestibles
 c - 4 rations
 t - a chunk of flesh


   Skills:
 + Level 4.2 Fighting
 + Level 3.9 Axes
 + Level 2.4 Armour
 + Level 2.2 Dodging


You had 3 spell levels left.
You didn't know any spells.

Dungeon Overview and Level Annotations

Branches:
Dungeon (3/15)

Altars:
Gozag


Innate Abilities, Weirdness & Mutations

You are resistant to torment.
Your stone body is resilient. (AC +3)
You are immune to poison.
You resist negative energy. (rN+)
You are resistant to electric shocks. (rElec)
You can survive without breathing.
You are immune to petrification.
You are immune to rotting.


Message History

The adder is almost dead.
The adder bites you.
* * * LOW HITPOINT WARNING * * *
You slash the adder!
You kill the adder!
Trog accepts your kill.
You slash the orc!
You kill the orc!
Trog accepts your kill.
You slash the hobgoblin!
You kill the hobgoblin!
Trog accepts your kill.
You completely miss the orc. The orc completely misses you.
You closely miss the orc. The orc barely misses you.
You slash the orc!
You kill the orc!
Trog accepts your kill.
The orc priest calls down the wrath of Beogh upon you.
Beogh smites you!
You die...

#.#...###.##(#.....
..... #....(......
..... #.####......
.##.# #.# #).....
#.# #.# #..####
#.###.# #..# #
#.....# #..# #
####..#### #..# #
#.@)o## #... ####.#
#... #.# #...# #o#
#o# #o# ... .o.


You could see an orc priest.

Vanquished Creatures
  A crimson imp (D:3)
  2 adders
  An ooze (D:1)
  A worm (D:2)
  3 leopard geckos
  2 orcs (D:3)
  A ball python (D:1)
  5 bats
  3 giant cockroaches
  7 hobgoblins
  2 jackals (D:1)
  3 frilled lizards
  7 goblins
  5 kobolds
  6 rats
49 creatures vanquished.

Notes
Turn   | Place    | Note
-------+----------+-------------------------------------------
     0 | D:1      | Fang the Gargoyle Berserker began the quest for the Orb.
     0 | D:1      | Reached XP level 1. HP: 14/14 MP: 1/1
   269 | D:1      | Reached XP level 2. HP: 8/19 MP: 2/2
   389 | D:1      | Reached ** piety under Trog
   389 | D:1      | Reached XP level 3. HP: 13/24 MP: 3/3
   996 | D:2      | Found an opulent altar of Gozag.
  1517 | D:2      | Reached skill level 4 in Fighting
  1517 | D:2      | Reached XP level 4. HP: 19/29 MP: 4/4
  1747 | D:3      | Killed from afar by an orc priest

Skill      XL: |  1  2  3 |
---------------+----------+-----
Axes           | 3 |  3.9
Dodging        | 2 |  2.2
Fighting       | 4 |  4.2
Armour         | |  2.4

Action                   |  1- 3 |  4- 6 || total
-------------------------+-------+-------++-------
Melee: Hand axe          |   118 |    33 ||   151
Invok: Berserk           |     2 |     1 ||     3
  Eat: Ration            |     1 |       ||     1
       Chunk             |       |     1 ||     1
Armor: Animal skin       |    52 |     7 ||    59
Dodge: Dodged            |   108 |    22 ||   130
